 Dungeon Crawl Stone Soup version 0.28.0-53-g5a82cb258f (webtiles) character file.

Game seed: 15425604210989438320

152 issech the Skirmisher (level 5, 0/47 HPs)
             Began as a Minotaur Monk on June 5, 2022.
             Succumbed to a scorpion's poison
             ... on level 3 of the Dungeon.
             The game lasted 00:05:27 (2592 turns).

issech the Skirmisher (Minotaur Monk)               Turns: 2592, Time: 00:05:28

Health: 0/47       AC:  9    Str: 16    XL:     5   Next: 11%
Magic:  4/4        EV:  8    Int:  7    God:
Gold:   178        SH:  0    Dex: 14    Spells: 4/4 levels left

rFire   . . .      SeeInvis .   k - +2 dagger (speed)
rCold   . . .      Faith    .   (no shield)
rNeg    . . .      Spirit   .   n - +0 chain mail
rPois   .          Reflect  .   (helmet restricted)
rElec   .          Harm     .   d - +0 cloak
rCorr   .          Rampage  .   (no gloves)
Will    .....                   (no boots)
Stlth   ..........              (no amulet)
HPRegen 0.15/turn               (no ring)
MPRegen 0.09/turn               (no ring)

@: lethally poisoned (0 -> -2)
A: horns 2, retaliatory headbutt
a: no special abilities


You were on level 3 of the Dungeon.
You visited 1 branch of the dungeon, and saw 3 of its levels.

You collected 178 gold pieces.

Inventory:

Hand Weapons
 a - a +0 hand axe
 k - a +2 dagger of speed (weapon)
 m - a +0 hunting sling
Missiles
 i - 19 stones (quivered)
 l - 16 arrows
Armour
 b - a +0 robe
 d - a +0 cloak (worn)
 f - a +0 ring mail
 n - a +0 chain mail (worn)
Magical Staves
 o - a staff of earth
Jewellery
 j - an amulet of the acrobat
Scrolls
 c - a scroll of amnesia {unknown}
 g - 2 scrolls of identify {unknown}
 h - 3 scrolls of fog {unknown}
Potions
 e - a potion of might {unknown}
 p - 2 potions of flight {unknown}
 q - a potion of curing {unknown}


   Skills:
 + Level 4.7 Fighting
 + Level 2.1 Short Blades
 + Level 4.4 Axes
 + Level 1.5 Armour
 + Level 4.1 Dodging
 + Level 2.0 Stealth


You had 4 spell levels left.
You didn't know any spells.
Your spell library was empty.

Dungeon Overview and Level Annotations

Branches:
Dungeon (3/15)

Altars:

Annotations:
D:2 1 runed translucent door, Crazy Yiuf


Innate Abilities, Weirdness & Mutations

You have a pair of horns on your head.
You reflexively headbutt those who attack you in melee.


Message History

The scorpion stings you.
You hit the scorpion but do no damage. Your headbutt misses the scorpion.
The scorpion is lightly wounded.
You hit the scorpion. You headbutt the scorpion.
The scorpion is moderately wounded.
The scorpion stings you.
You closely miss the scorpion.
The scorpion is moderately wounded.
The scorpion stings you.
You are poisoned.
The scorpion poisons you!
You hit the scorpion but do no damage.
The scorpion is moderately wounded.
You feel sick. The bullfrog skeleton hits you.
You feel very sick. The scorpion stings you.
You are more poisoned.
The scorpion poisons you!
You feel very sick. The scorpion stings you.
The bullfrog skeleton barely misses you.
* * * LOW HITPOINT WARNING * * *
You feel very sick.
* * * LOW HITPOINT WARNING * * *
You feel sick.
* * * LOW HITPOINT WARNING * * *
You feel very sick. The bullfrog skeleton hits you.
* * * LOW HITPOINT WARNING * * *
* * * LOW HITPOINT WARNING * * *
You feel sick.
* * * LOW HITPOINT WARNING * * *
You feel sick.
* * * LOW HITPOINT WARNING * * *
You feel sick.
* * * LOW HITPOINT WARNING * * *
You feel sick.
* * * LOW HITPOINT WARNING * * *
You feel sick.
You die...

####### #.....#
################ #.....#
>............).#####.....#
##############...........#
#######.....#
#########.....#
##.s..@....#####
#Z.######### #.## #.# #.#
###Z# .#######...#
....<..!.### .#######....#


You could see a scorpion and a bullfrog skeleton.

Vanquished Creatures
  Terence (D:2)
  Robin (D:2)
  4 gnolls (D:2)
  2 adders (D:2)
  A worm (D:2)
  2 dart slugs (D:2)
  A ball python (D:1)
  6 endoplasms
  A giant cockroach (D:1)
  6 goblins
  14 hobgoblins
  2 quokkas (D:2)
  5 bats
  2 kobolds
  2 rats
50 creatures vanquished.

Notes
Turn   | Place    | Note
-------+----------+-------------------------------------------
     0 | D:1      | issech the Minotaur Monk began the quest for the Orb.
     0 | D:1      | Reached XP level 1. HP: 19/19 MP: 0/0
   586 | D:1      | Reached XP level 2. HP: 27/27 MP: 1/1
  1083 | D:2      | Reached XP level 3. HP: 33/33 MP: 2/2
  1428 | D:2      | Reached XP level 4. HP: 36/41 MP: 3/3
  1515 | D:2      | Reached skill level 1 in Short Blades
  1584 | D:2      | Noticed Robin
  1591 | D:2      | Killed Robin
  1592 | D:2      | Reached skill level 1 in Armour
  1700 | D:2      | Noticed Terence
  1720 | D:2      | Killed Terence
  1918 | D:2      | Reached XP level 5. HP: 47/47 MP: 4/4
  2118 | D:2      | Found a runed translucent door.
  2119 | D:2      | Noticed Crazy Yiuf
  2589 | D:3      | HP: 2/47 [poisoned by a scorpion]
  2592 | D:3      | Succumbed to a scorpion's poison

Illustrated notes

Levels and vault maps discovered:
D:1:      dpeg_arrival_concentric_ovals, layout_basic, minmay_3d_cube
D:2:      layout_loops_ring, minmay_cupped, uniq_robin, uniq_crazy_yiuf_cottage,
          uniq_terence
D:3:      layout_rooms, uniq_natasha

Skill      XL: |  1  2  3  4 |
---------------+-------------+-----
Fighting       | 4 |  4.7
Axes           | 4 |  4.4
Dodging        | 4 |  4.1
Short Blades   | 2 |  2.1
Armour         | 1 |  1.5
Stealth        | 2 |  2.0

Action                   |  1- 3 |  4- 6 || total
-------------------------+-------+-------++-------
Melee: Hand axe          |    28 |       ||    28
       Headbutt          |    20 |    13 ||    33
       Dagger            |    73 |    68 ||   141
 Stab: Sleeping          |     1 |       ||     1
Armor: Robe              |     6 |       ||     6
       Ring mail         |    27 |    14 ||    41
       Chain mail        |       |     7 ||     7
Dodge: Dodged            |    60 |    28 ||    88
